 Dungeon Sprint DCSS version 0.28-a0-100-g47d82705ae (webtiles) character file.

Game seed: 12445774777061394275

16478 Ankalagon the Cruncher (level 12, -1/118 HPs)
             Began as a Naga Conjurer on Aug 10, 2021.
             Was an Initiate of Gozag.
             Slain by Rupert (3 damage)
             ... in the Dungeon (Sprint III: "The Ten Rune Challenge").
             The game lasted 00:37:10 (5229 turns).

Ankalagon the Cruncher (Naga Conjurer)              Turns: 5229, Time: 00:37:11

Health: -1/118     AC: 19    Str: 10    XL:     12   Next: 37%
Magic:  14/24      EV:  8    Int: 22    God:    Gozag
Gold:   741        SH:  0    Dex: 11    Spells: 12/28 levels left

rFire   + + .      SeeInvis +   v - +7 lajatang of Order {silver, rMut}
rCold   x . .      Faith    .   (shield currently unavailable)
rNeg    . . .      Spirit   .   g - +5 fire dragon scales
rPois   +          Reflect  .   (helmet restricted)
rElec   .          Harm     .   a - +2 cloak {rPois}
rCorr   .          Rampage  .   (no gloves)
rMut    +          Clarity  +   (no barding)
Will    +....      NoTele   +   (no amulet)
Stlth   +.........              (no ring)
HPRegen 0.29/turn               (no ring)
MPRegen 0.19/turn

@: short of breath, hasted, quick
A: AC +4, large, see invisible, deformed body, poison resistance, slowness 2,
spit poison 1, naga tail 1, antennae 1, clarity
a: Spit Poison, Renounce Religion, Potion Petition, Call Merchant, Bribe Branch


You were in the Dungeon.
You worshipped Gozag.
Gozag was pleased with you.
You visited 1 branch You collected 8109 gold pieces.
You spent 2988 gold pieces at shops.
You paid 4380 gold pieces to Gozag.

Inventory:

Hand Weapons
 j - a +2 quarterstaff of chaos
 m - a +2 quarterstaff of freezing
 r - a +2 long sword of holy wrath
 v - the +7 lajatang of Order (weapon) {silver, rMut}
   (You bought it in a shop in the Dungeon)

   It inflicts extra damage upon those it strikes, and deals substantially
   increased damage to chaotic, mutated and magically transformed beings.
   rMut:      It protects you from mutation.
Missiles
 h - 7 curare-tipped darts
Armour
 a - a +2 cloak of poison resistance (worn)
 g - +5 fire dragon scales (worn)
 k - a +2 cloak
 u - a +2 robe of cold resistance
Scrolls
 f - 3 scrolls of fear
 i - a scroll of acquirement {unknown}
 l - a scroll of immolation {unknown}
 o - a scroll of holy word {unknown}
 w - a scroll of magic mapping
 x - a scroll of amnesia
Potions
 b - a potion of curing
 e - 3 potions of magic
 n - a potion of flight
 p - a potion of attraction
 q - 3 potions of mutation
Miscellaneous
 s - a lightning rod (inert)


   Skills:
 - Level 10.6 Fighting
 - Level 14.0 Staves
 + Level 8.2 Armour
 - Level 9.5 Dodging
 - Level 5.3 Stealth
 - Level 8.7 Spellcasting
 - Level 12.8 Conjurations
 - Level 8.2 Hexes
 - Level 7.0 Translocations
 - Level 10.8 Evocations


You had 12 spell levels left.
You knew the following spells:

 Your Spells              Type           Power      Damage    Failure   Level
b - Dazzling Flash        Conj/Hex       100%       N/A       1%          3
d - Iskenderun's Mystic   Conj/Tloc      52%        2d11      9%          4
e - Magic Dart            Conj           100%       1d8       1%          1
q - Blink                 Tloc           N/A        N/A       4%          2
r - Searing Ray           Conj           100%       3d7       1%          2
y - Fulminant Prism       Conj/Hex       27%        3d14      6%          4

Your spell library contained the following spells:

 Spells                   Type           Power      Damage    Failure   Level
 Lesser Beckoning         Tloc           20%        N/A       9%          3
 Cause Fear               Hex            22%        N/A       17%         4
 Inner Flame              Hex/Fire       27%        N/A       26%         3
 Manifold Assault         Tloc           40%        N/A       58%         5
 Discord                  Hex            22%        N/A       100%        8


Dungeon Overview and Level Annotations

Branches:
Dungeon (1/1)

Altars:
Cheibriados
Dithmenos
Elyvilon
Fedhas
Gozag
Hepliaklqana
Kikubaaqudgha
Makhleb
Nemelex Xobeh
Okawaru
Qazlal
Ru
Sif Muna
Trog
Uskayaw
Vehumet
Wu Jian
Xom
Yredelemnul
Zin
The Shining One
Beogh
Jiyva
Lugonu

Shops:
D ?[(:[[

Annotations:
D Rupert


Innate Abilities, Weirdness & Mutations

Your serpentine skin is tough. (AC +4)
You have supernaturally acute eyesight. (SInv)
Armour fits poorly on your strangely shaped body.
Your system is resistant to poisons. (rPois)
You cover ground very slowly.
You can spit poison.
You have a snake-like lower body.
You have a pair of small antennae on your head.
You possess an exceptional clarity of mind.


Message History

Rupert roars madly and goes into a rage!
Rupert goes berserk!
You feel yourself speed up.
Rupert hits you with a +3 battleaxe of freezing!!
Rupert freezes you!!
You slash Rupert!
Rupert is heavily wounded.
Rupert completely misses you.
You barely miss Rupert.
Rupert is heavily wounded.
Rupert hits you with a +3 battleaxe of freezing!!
* * * LOW HITPOINT WARNING * * *
Rupert freezes you!!
* * * LOW HITPOINT WARNING * * *
You can't see any enemies this would affect, really read the scroll of fear?
Okay, then.
Press: ? - help, v - describe, . - travel
Here: Rupert, wielding a +3 battleaxe of freezing and wearing a +0 ring mail (heavily wounded, berserk)
The floor, spattered with blood.
Unknown command.
You feel much better.
Rupert hits you with a +3 battleaxe of freezing!
* * * LOW HITPOINT WARNING * * *
Rupert freezes you.
* * * LOW HITPOINT WARNING * * *
Press: ? - help, v - describe, . - travel
Here: Rupert, wielding a +3 battleaxe of freezing and wearing a +0 ring mail (heavily wounded, berserk)
The floor, spattered with blood.
Unknown command.
Okay, then.
Okay, then.
Unknown command.
Unknown command.
Casting: Iskenderun's Mystic Blast (dangerous; 9% risk of failure)
Confirm with . or Enter, or press ? or * to list all spells.
Rupert hits you with a +3 battleaxe of freezing!
* * * LOW HITPOINT WARNING * * *
Rupert freezes you.
You die...
Your body crumbles into a pile of gold.

▓'#####...........#..)#__#
▓.................#___#__'
▓▓▓▓▓▓▓▓▓▓▓▓▓▓▓▓▓▓▓▓▓▓▓▓▓▓
+≈≈≈§≈≈≈≈.♣♣.....♣♣♣♣
#≈≈≈§§§§≈≈♣♣.≈≈≈≈'♣♣'
#≈.≈§§§≈≈≈≈'!....#.≈♣
#≈.§§≈§≈≈≈♣♣♣♣♣♣♣#∩.♣
$#≈≈≈≈§≈≈≈.♣ ###'
####@###### ♣♣♣♣.
........@...... ♣...#
#+############# ♣♣.## ♣..#
♣♣.# ♣♣.# ♣... ####


You could see Rupert (berserk).

Vanquished Creatures
  Harold (D)
  Josephine (D)
  An anaconda (shapeshifter) (D)
  A centaur warrior (D)
  Urug (D)
  2 orc high priests (D)
  A deep elf knight (D)
  2 deep elf zephyrmancers (D)
  Joseph (D)
  An orc knight (D)
  A lindwurm (D)
  3 deep elf pyromancers (D)
  2 orc sorcerers (D)
  2 cane toads (D)
  A komodo dragon (D)
  An unseen horror (D)
  A rime drake (D)
  A queen bee (D)
  3 wandering mushrooms (D)
  5 blink frogs (D)
  2 tyrant leeches (D)
  3 redbacks (D)
  A shadow (D)
  A spatial vortex (D)
  A swamp drake (D)
  2 orc warriors (D)
  A necrophage (D)
  2 centaurs (D)
  An earth elemental (D)
  A water elemental (D)
  32 killer bees (D)
  Crazy Yiuf (D)
  3 orc priests (D)
  A jelly (D)
  A wizard (D)
  Jessica (D)
  A necromancer (D)
  3 humans (D)
  A kobold demonologist (D)
  9 orcs (D)
  3 rats (D)
  A fulminant prism (D)
104 creatures vanquished.

Vanquished Creatures (others)
  2 hydras (D)
  An orc high priest (D)
  An electric eel (D)
  An orc priest (D)
  27 fulminant prisms (D)
  18 plants (D)
50 creatures vanquished.

Grand Total: 154 creatures vanquished

Notes
Turn   | Place    | Note
-------+----------+-------------------------------------------
     0 | D        | Ankalagon the Naga Conjurer began the quest for the Orb.
     0 | D        | Reached XP level 1. HP: 15/15 MP: 3/3
    17 | D        | Noticed Jessica
    23 | D        | Killed Jessica
    24 | D        | Reached skill level 5 in Conjurations
    24 | D        | Reached XP level 2. HP: 19/22 MP: 0/7
    24 | D        | Reached XP level 3. HP: 24/28 MP: 0/8
    41 | D        | Learned a level 2 spell: Searing Ray
    95 | D        | Learned a level 3 spell: Dazzling Flash
   104 | D        | Noticed Crazy Yiuf
   113 | D        | Killed Crazy Yiuf
   149 | D        | Gained mutation: You are robust. (+10% HP) [potion of
                  | mutation]
   171 | D        | Reached skill level 5 in Spellcasting
   171 | D        | Reached XP level 4. HP: 23/39 MP: 0/11
   269 | D        | Learned a level 4 spell: Fulminant Prism
   278 | D        | Noticed a water elemental
   283 | D        | Killed a water elemental
   284 | D        | Reached skill level 2 in Staves
   284 | D        | Reached XP level 5. HP: 36/46 MP: 7/13
   296 | D        | Learned a level 4 spell: Iskenderun's Mystic Blast
   325 | D        | Found a glowing silver altar of Zin.
   326 | D        | Found a glowing golden altar of the Shining One.
   326 | D        | Noticed a deep elf pyromancer
   331 | D        | Killed a deep elf pyromancer
   332 | D        | Reached skill level 5 in Staves
   332 | D        | Reached XP level 6. HP: 48/53 MP: 6/16
   332 | D        | Reached XP level 7. HP: 54/60 MP: 6/18
   332 | D        | Found a white marble altar of Elyvilon.
   359 | D        | Reached skill level 5 in Translocations
   362 | D        | Noticed a shadow
   363 | D        | Killed a shadow
   452 | D        | Found a blossoming altar of Fedhas.
   452 | D        | Found a stormy altar of Qazlal.
   452 | D        | Found a snail-covered altar of Cheibriados.
   452 | D        | Found a burning altar of Makhleb.
   452 | D        | Found a shimmering altar of Xom.
   455 | D        | Found a hazy altar of Hepliaklqana.
   455 | D        | Found an opulent altar of Gozag.
   455 | D        | Found a sparkling altar of Nemelex Xobeh.
   455 | D        | Found a corrupted altar of Lugonu.
   455 | D        | Found a viscous altar of Jiyva.
   455 | D        | Noticed a spatial vortex
   463 | D        | Killed a spatial vortex
   470 | D        | Became a worshipper of Gozag Ym Sagoz the Greedy
   612 | D        | Found a basalt altar of Yredelemnul.
   612 | D        | Found a shadowy altar of Dithmenos.
   612 | D        | Found a sacrificial altar of Ru.
   616 | D        | Reached XP level 8. HP: 67/68 MP: 12/20
   657 | D        | Found a hide-covered altar of Uskayaw.
   657 | D        | Found an iron altar of Okawaru.
   657 | D        | Found a bloodstained altar of Trog.
   657 | D        | Found an ornate altar of the Wu Jian Council.
   664 | D        | Reached skill level 5 in Stealth
   664 | D        | Reached skill level 10 in Conjurations
   703 | D        | Found a radiant altar of Vehumet.
   703 | D        | Found a shimmering blue altar of Sif Muna.
   703 | D        | Found an ancient bone altar of Kikubaaqudgha.
   720 | D        | Learned a level 2 spell: Blink
   741 | D        | Noticed Josephine
   775 | D        | Killed Josephine
   776 | D        | Reached XP level 9. HP: 29/90 MP: 10/21
  1149 | D        | Noticed an orc high priest
  1149 | D        | Noticed an orc sorcerer
  1150 | D        | Noticed an orc sorcerer
  1150 | D        | Noticed an orc knight
  1155 | D        | Killed an orc sorcerer
  1156 | D        | Reached skill level 5 in Evocations
  1160 | D        | Killed an orc high priest
  1168 | D        | Killed an orc knight
  1169 | D        | Reached skill level 10 in Evocations
  1169 | D        | Reached XP level 10. HP: 52/101 MP: 3/22
  1414 | D        | Noticed a moth of wrath
  1414 | D        | a shapeshifter changed into a moth of wrath
  1415 | D        | Noticed a two-headed ogre
  1415 | D        | a moth of wrath changed into a two-headed ogre
  1419 | D        | a two-headed ogre changed into a merfolk
  1423 | D        | Noticed an anaconda
  1423 | D        | a merfolk changed into an anaconda
  1429 | D        | Killed an anaconda
  1575 | D        | Killed an orc sorcerer
  1798 | D        | Found Orecruv's Armour Shop.
  1848 | D        | Bought a distressingly furry cloak for 313 gold pieces
  1848 | D        | Identified the +0 cloak of Resonance {rPois} (You bought it
                  | in a shop in the Dungeon)
  1851 | D        | Bought an embroidered cloak for 247 gold pieces
  1880 | D        | Noticed a deep elf zephyrmancer
  1880 | D        | Noticed a deep elf zephyrmancer
  1880 | D        | Noticed a deep elf pyromancer
  1880 | D        | Noticed a deep elf pyromancer
  1880 | D        | Noticed a deep elf knight
  1898 | D        | Killed a deep elf knight
  1900 | D        | Killed a deep elf pyromancer
  1992 | D        | Killed a deep elf zephyrmancer
  2042 | D        | Killed a deep elf zephyrmancer
  2043 | D        | Reached XP level 11. HP: 55/118 MP: 15/23
  2095 | D        | Killed a deep elf pyromancer
  2096 | D        | Reached skill level 10 in Fighting
  2366 | D        | Noticed a deep elf annihilator
  2417 | D        | Noticed a centaur warrior
  2424 | D        | Killed a centaur warrior
  2509 | D        | Reached skill level 6 in Staves
  2528 | D        | Reached skill level 7 in Staves
  2543 | D        | Reached skill level 8 in Staves
  2544 | D        | Reached skill level 9 in Staves
  2651 | D        | Noticed Harold
  2651 | D        | Noticed Joseph
  2730 | D        | Reached skill level 10 in Staves
  2959 | D        | Bought the +7 lajatang of Order {silver, rMut} for 751 gold
                  | pieces
  2959 | D        | Found the +7 lajatang of Order {silver, rMut}
  2982 | D        | Reached skill level 11 in Staves
  3152 | D        | Reached skill level 12 in Staves
  3738 | D        | Noticed a lindwurm
  3744 | D        | Killed a lindwurm
  3747 | D        | Reached skill level 13 in Staves
  4118 | D        | Bought 3 scrolls of fear for 157 gold pieces
  4310 | D        | Bought +2 fire dragon scales for 1080 gold pieces
  4409 | D        | Noticed Urug
  4419 | D        | Killed Urug
  4420 | D        | Reached XP level 12. HP: 62/129 MP: 24/24
  4634 | D        | Noticed a seven-headed hydra
  4634 | D        | Noticed a five-headed hydra
  4712 | D        | Reached skill level 14 in Staves
  4771 | D        | Killed a seven-headed hydra
  4808 | D        | Noticed a deep elf demonologist
  4813 | D        | Gained mutation: You do not regenerate when monsters are
                  | visible. [a neqoxec]
  4816 | D        | Noticed a deep elf death mage
  4819 | D        | Gained mutation: Your body sometimes deteriorates upon
                  | taking damage. [a neqoxec]
  4857 | D        | Noticed a deep elf annihilator
  4912 | D        | Killed a five-headed hydra
  4934 | D        | Killed Harold
  4943 | D        | Killed Joseph
  5139 | D        | Lost mutation: You are robust. (+10% HP) [potion of
                  | mutation]
  5139 | D        | Lost mutation: You do not regenerate when monsters are
                  | visible. [potion of mutation]
  5139 | D        | Lost mutation: Your body sometimes deteriorates upon taking
                  | damage. [potion of mutation]
  5139 | D        | Gained mutation: You tend to lose your temper in combat.
                  | [potion of mutation]
  5139 | D        | Gained mutation: Your mind is acute. (Int +2) [potion of
                  | mutation]
  5139 | D        | Gained mutation: Your muscles are strong. (Str +2) [potion
                  | of mutation]
  5140 | D        | Lost mutation: Your mind is acute. (Int +2) [potion of
                  | mutation]
  5140 | D        | Lost mutation: Your muscles are strong. (Str +2) [potion of
                  | mutation]
  5140 | D        | Lost mutation: You tend to lose your temper in combat.
                  | [potion of mutation]
  5140 | D        | Gained mutation: You possess an exceptional clarity of
                  | mind. [potion of mutation]
  5140 | D        | Gained mutation: You have a pair of small antennae on your
                  | head. [potion of mutation]
  5146 | D        | Noticed a yaktaur captain
  5146 | D        | Noticed a yaktaur captain
  5196 | D        | Bought a scroll of enchant armour for 112 gold pieces
  5196 | D        | Bought a scroll of enchant armour for 112 gold pieces
  5196 | D        | Bought a scroll of enchant armour for 112 gold pieces
  5196 | D        | Bought a scroll of magic mapping for 52 gold pieces
  5196 | D        | Bought a scroll of amnesia for 52 gold pieces
  5215 | D        | Noticed Rupert
  5229 | D        | HP: 2/118 [Rupert (13)]
  5229 | D        | Slain by Rupert

Illustrated notes

Levels and vault maps discovered:
D:        dungeon_sprint_mu [sprint_mu_entry_forest, sprint_mu_temple_rooms,
          sprint_mu_d1_horrors, sprint_mu_d2_genie, sprint_mu_d3_branching,
          sprint_mu_orc_legion, sprint_mu_elf_gauntlet, sprint_mu_hive_nellie,
          sprint_mu_lair_fedhas, sprint_mu_vaults_butterflies,
          sprint_mu_slime_circle, sprint_mu_shoals_kraken,
          sprint_mu_snake_twists, sprint_mu_blade_basic,
          sprint_mu_crypt_fortress, sprint_mu_tomb_spiral,
          sprint_mu_vestibule_basic, sprint_mu_gehenna_hellfire,
          sprint_mu_dis_giant, sprint_mu_tartarus_statrot,
          sprint_mu_cocytus_islands, sprint_mu_zot1]

Skill      XL: |  1  2  3  4  5  6  7  8  9 10 11 12 |
---------------+-------------------------------------+-----
Spellcasting   | 4 5 7 8 |  8.7
Conjurations   | 5 6 7 8 9 10 12 | 12.8
Hexes          | 2 4 6 7 8 |  8.2
Staves         | 2 5 13 14 | 14.0
Translocations | 4 6 7 |  7.0
Dodging        | 2 6 8 9 |  9.5
Stealth        | 5 |  5.3
Fighting       | 6 9 10 | 10.6
Evocations     | 10 | 10.8
Armour         | 2 8 |  8.2

Action                   |  1- 3 |  4- 6 |  7- 9 | 10-12 || total
-------------------------+-------+-------+-------+-------++-------
Melee: Unarmed           |     7 |       |       |       ||     7
       Quarterstaff      |       |       |     5 |     8 ||    13
       Lajatang          |       |       |       |   122 ||   122
 Cast: Magic Dart        |     3 |       |     3 |    13 ||    19
       Searing Ray       |     4 |     3 |    13 |    35 ||    55
       Fulminant Prism   |       |       |    11 |    17 ||    28
       Dazzling Flash    |       |       |       |     7 ||     7
       Iskenderun's Myst |       |       |       |     3 ||     3
Invok: Call Merchant     |       |       |       |     5 ||     5
 Abil: Spit Poison       |     7 |       |     1 |    17 ||    25
Evoke: Lightning rod     |       |       |     2 |    20 ||    22
  Use: Potion            |     1 |       |     1 |     6 ||     8
       Scroll            |       |       |       |     7 ||     7
 Stab: Distracted        |       |       |       |     3 ||     3
       Invisible         |       |       |       |     2 ||     2
       Sleeping          |       |       |       |     1 ||     1
       Confused          |       |       |       |     1 ||     1
Armor: Robe              |     4 |     1 |       |    56 ||    61
       Fire dragon scale |       |       |       |     6 ||     6
Dodge: Dodged            |     5 |     1 |     6 |   114 ||   126

Table legend: (Time is in decaauts)
 A = Elapsed time spent in this place.
 B = Non-inter-level travel time spent in this place.
 C = Inter-level travel time spent in this place.
 D = Time resting spent in this place.
 E = Time spent auto-exploring this place.
 F = Levels seen in this place.
 G = Mean time per level.
                   A        B        C        D        E       F      G
               +--------+--------+--------+--------+--------+-----+--------+
         Total |   5863 |   5416 |    447 |   3227 |     17 |   1 | 5863.0 |
       Dungeon |   5863 |   5416 |    447 |   3227 |     17 |   1 | 5863.0 |
               +--------+--------+--------+--------+--------+-----+--------+

Top non-repeatable levels by time:
       D: 5863 daAuts
